[Event "Team 45 45 League T56"]
[Site "Internet Chess Club"]
[Date "2013.03.24"]
[Round "5"]
[White "cepheid"]
[Black "elessar"]
[Result "1-0"]
[WhiteElo "1643"]
[BlackElo "1607"]
[Opening "Sicilian: Alapin's variation (2.c3)"]
[ECO "B22"]
[Time "14:00:32"]
[TimeControl "2700+45"]

1. e4 c5 2. c3 e6 3. d4 d5 4. exd5 exd5 5. Nf3 Nc6 6. Bb5 Bd6 7. Be3 c4 8. O-O
Ne7 9. Ne5 O-O 10. Nxc6 bxc6 11. Ba4 Qc7 12. h3 Bf5 13. Nd2 h6 14. Nf3 Rac8 15.
Bc2 Bxc2 16. Qxc2 f5 17. Bd2 Ng6 18. Rae1 Qd7 19. Ne5 Bxe5 20. dxe5 Rce8 21. f4
Re6 22. Be3 Rb8 23. b3 cxb3 24. axb3 Qb7 25. Qxf5 Nf8 26. b4 Ree8 27. Ra1 a6 28.
Ra5 Nd7 29. Rfa1 Ra8 30. Qd3 Nxe5 31. fxe5 Rxe5 32. Bd4 Re6 33. Rf1 Qe7 34. Bc5
Qe8 35. Rf8+ Qxf8 36. Bxf8 Kxf8 37. Rxa6 Rae8 38. Ra2 Kg8 39. Rf2 Re1+ 40. Rf1
R1e3 41. Qd4 R8e4 42. Qd2 Re2 43. Qc1 R2e3 44. Qb2 Re2 45. Qa3 Re8 46. Qa6 R2e6
47. Qb6 R8e7 48. Kh2 Re8 49. Rf3 R8e7 50. Qc5 Re8 51. Rf1 R8e7 52. Ra1 Re8 53.
Ra6 Re2 54. Rxc6 R8e5 55. Rc8+ Kh7 56. Rd8 Rg5 57. Qg1 Rc2 58. b5 Rb2 59. Qf1
Rg6 60. Rxd5 {Black resigns} 1-0

[Event "Team 45 45 League T56"]
[Site "Internet Chess Club"]
[Date "2013.03.25"]
[Round "5"]
[White "Hal2001"]
[Black "dscvdchk"]
[Result "1/2-1/2"]
[WhiteElo "1640"]
[BlackElo "1500"]
[Opening "Scandinavian (center counter) defense"]
[ECO "B01"]
[Time "10:06:01"]
[TimeControl "2700+45"]

1. e4 d5 2. exd5 Qxd5 3. Nc3 Qa5 4. Bc4 Nf6 5. d3 c6 6. Bd2 Qc7 7. Qe2 Bg4 8. f3
Bf5 9. O-O-O h5 10. Qe1 Nbd7 11. Nge2 b5 12. Bb3 Nc5 13. Be3 Nxb3+ 14. axb3 e6
15. Kd2 Bb4 16. Qg3 Qxg3 17. hxg3 Nd5 18. g4 Nxe3 19. Kxe3 Bg6 20. Nf4 h4 21.
Nxg6 fxg6 22. g5 Bxc3 23. bxc3 a5 24. Ra1 Kd7 25. Kd4 Kd6 26. b4 e5+ 27. Ke4 a4
28. c4 Rh5 29. f4 exf4 30. c5+ Ke6 31. c4 Rxg5 32. Kxf4 Rf5+ 33. Kg4 Rd8 34.
Rhe1+ Kf6 35. Re4 Rxd3 36. cxb5 cxb5 37. Rae1 Rg5+ 38. Kxh4 Rh5+ 39. Kg4 Rg5+
40. Kh4 Rh5+ 41. Kg4 Rg5+ 42. Kh4 {Game drawn by repetition} 1/2-1/2

[Event "Team 45 45 League T56"]
[Site "Internet Chess Club"]
[Date "2013.03.23"]
[Round "5"]
[White "Gilguli"]
[Black "CorvusCorax"]
[Result "0-1"]
[WhiteElo "1306"]
[BlackElo "1604"]
[Opening "Nimzo-Indian: three knights variation"]
[ECO "E21"]
[Time "11:04:01"]
[TimeControl "2700+45"]

1. d4 Nf6 2. Nf3 e6 3. c4 Bb4+ 4. Nc3 Ne4 5. Qc2 f5 6. a3 Bxc3+ 7. bxc3 b6 8.
Qxe4 fxe4 9. Bg5 exf3 10. Bxd8 Kxd8 11. gxf3 Ba6 12. e3 Nc6 13. Rg1 g6 14. O-O-O
Na5 15. Bh3 Bxc4 16. Rg3 Rf8 17. Rdg1 Be2 18. Bg2 Ke7 19. Rh3 Rf7 20. Kd2 Bb5
21. f4 Bc6 22. Bf1 Bd5 23. Bd3 Nc4+ 24. Kc2 Nxa3+ 25. Kc1 Nc4 26. e4 Bxe4 27.
Bxc4 Rxf4 28. Rxh7+ Rf7 29. Rh6 Rxf2 30. Kd1 a5 31. Rh4 Bf5 32. Rh7+ Kd6 33. h4
a4 34. h5 gxh5 35. Rxh5 a3 {White resigns} 0-1

[Event "Team 45 45 League T56"]
[Site "Internet Chess Club"]
[Date "2013.03.24"]
[Round "5"]
[White "eurander"]
[Black "Shijith"]
[Result "1/2-1/2"]
[WhiteElo "2112"]
[BlackElo "2059"]
[Opening "French: Tarrasch, closed variation, main line"]
[ECO "C06"]
[Time "12:12:56"]
[TimeControl "2700+45"]

1. e4 e6 2. d4 d5 3. Nd2 Nf6 4. e5 Nfd7 5. Bd3 c5 6. c3 Nc6 7. Ne2 cxd4 8. cxd4
Qb6 9. Nf3 f6 10. exf6 Nxf6 11. O-O Bd6 12. b3 O-O 13. Bf4 Bxf4 14. Nxf4 Bd7 15.
Re1 Rae8 16. Qd2 Qc7 17. Rad1 Ne4 18. Bxe4 Qxf4 19. Bd3 Qxd2 20. Rxd2 h6 21. Bb5
Nb8 22. Bxd7 Nxd7 23. Rde2 Kf7 24. Rc2 Rc8 25. Rec1 Nb6 26. Rc7+ Kg8 27. Kf1
Rxc7 28. Rxc7 Rf7 29. Rc2 Na8 30. Re2 Nc7 31. Ke1 g5 32. h3 Re7 33. Kd2 Nb5 34.
Kd3 Nd6 35. Rc2 Kg7 36. Ne5 Kf6 37. a4 h5 {Game drawn by mutual agreement}
1/2-1/2

[Event "Team 45 45 League T56"]
[Site "Internet Chess Club"]
[Date "2013.03.22"]
[Round "5"]
[White "Nb4"]
[Black "UsuallySleepy"]
[Result "1-0"]
[WhiteElo "1919"]
[BlackElo "1897"]
[Opening "English opening"]
[ECO "A16"]
[Time "13:02:44"]
[TimeControl "2700+45"]

1. c4 Nf6 2. Nc3 g6 3. e4 d6 4. g3 Bg7 5. Bg2 O-O 6. Nge2 e5 7. d3 Nc6 8. a3 a5
9. Rb1 Be6 10. b4 axb4 11. axb4 Qd7 12. Nd5 Ra2 13. Nec3 Raa8 14. O-O Nd4 15.
Be3 Ng4 16. b5 c6 17. Nb6 {Black resigns} 1-0

[Event "Team 45 45 League T56"]
[Site "Internet Chess Club"]
[Date "2013.03.24"]
[Round "5"]
[White "charles-allen"]
[Black "bat30"]
[Result "1-0"]
[WhiteElo "1904"]
[BlackElo "1868"]
[Opening "Four knights: Scotch, 4...exd4"]
[ECO "C47"]
[Time "18:02:01"]
[TimeControl "2700+45"]

1. e4 e5 2. Nc3 Nf6 3. Nf3 Nc6 4. d4 exd4 5. Nxd4 Bb4 6. Nxc6 bxc6 7. Qd4 Qe7 8.
f3 Bc5 9. Qd3 Rb8 10. b3 d5 11. Bb2 O-O 12. O-O-O Rd8 13. exd5 cxd5 14. Kb1 c6
15. g4 Nd7 16. Qe2 Re8 17. Qxe7 Rxe7 18. Na4 Bf2 19. c4 Bb7 20. cxd5 cxd5 21.
Bg2 Ne5 22. Bd4 Bxd4 23. Rxd4 Nc6 24. Rd2 Ne5 25. Nc3 d4 26. Rxd4 Bxf3 27. Bxf3
Nxf3 28. Rd3 Ne5 29. Re3 f6 30. g5 Ng6 31. Rxe7 Nxe7 32. gxf6 gxf6 33. Rd1 Rb7
34. Rd6 f5 35. Kc2 Kf7 36. Kd3 Ng6 37. Nd5 Ne5+ 38. Ke3 Ng4+ 39. Kf4 Nxh2 40.
Rh6 Rd7 41. Rxh7+ Ke6 42. Rxd7 Kxd7 43. Kxf5 Kc6 44. Ne3 Nf3 45. Ke4 Ng5+ 46.
Kd4 Ne6+ 47. Kc4 Nd8 48. Nc2 a5 49. Nd4+ Kb6 50. Kd5 Nb7 51. Ne6 a4 52. b4 a3
53. Nd4 Nd8 54. Kc4 Nb7 55. Kb3 Nd6 56. Kxa3 Ka6 57. Kb3 Kb6 58. a4 Ka6 59. b5+
Kb6 60. Kb4 Nb7 61. Nc6 Nd6 62. a5+ Kb7 63. a6+ Kb6 64. a7 Kb7 65. b6 Nc8 66.
Nd8+ Ka8 67. b7+ {Black resigns} 1-0

[Event "Team 45 45 League T56"]
[Site "Internet Chess Club"]
[Date "2013.03.25"]
[Round "5"]
[White "kabindra"]
[Black "PJ"]
[Result "0-1"]
[WhiteElo "1734"]
[BlackElo "1679"]
[Opening "Scotch gambit: Dubois-Réti defense"]
[ECO "C55"]
[Time "14:00:31"]
[TimeControl "2700+45"]

1. e4 e5 2. Nf3 Nc6 3. Bc4 Nf6 4. d4 exd4 5. e5 d5 6. Bb5 Ne4 7. Nxd4 Bd7 8.
Bxc6 bxc6 9. O-O Bc5 10. f3 Ng5 11. f4 Ne4 12. c3 O-O 13. Nd2 Bxd4+ 14. cxd4
Nxd2 15. Bxd2 Bf5 16. Qa4 Qd7 17. Rac1 Rfb8 18. b3 Rb5 19. Rc3 Qe8 20. Rfc1 Bd7
21. f5 c5 22. dxc5 c6 23. f6 Qxe5 24. Rg3 g6 25. Qh4 Qe8 26. b4 a5 27. a3 axb4
28. Bf4 Kh8 29. axb4 Rxb4 30. Qg5 Re4 31. Re3 Rxe3 32. Bxe3 Ra3 33. Qh6 Qxe3+
34. Qxe3 Rxe3 35. Rb1 Re8 36. Rb7 Be6 37. Rc7 Rc8 38. Re7 g5 39. Kf2 h6 40. Kg3
Kh7 41. h4 {White resigns} 0-1

[Event "Team 45 45 League T56"]
[Site "Internet Chess Club"]
[Date "2013.03.25"]
[Round "5"]
[White "grattage"]
[Black "chiiwen"]
[Result "1/2-1/2"]
[WhiteElo "1693"]
[BlackElo "2117"]
[Opening "Réti opening"]
[ECO "A06"]
[Time "13:15:15"]
[TimeControl "2700+45"]

1. Nf3 d5 2. e3 Nf6 3. c4 c6 4. Nc3 a6 5. d4 b5 6. cxd5 cxd5 7. b4 e6 8. Qb3
Nbd7 9. a4 bxa4 10. Nxa4 Rb8 11. Ba3 Bd6 12. Bd3 Qe7 13. O-O Bxb4 14. Bxb4 Rxb4
15. Qc3 O-O 16. Nc5 Rb6 17. Nxa6 Bxa6 18. Rxa6 Rxa6 19. Bxa6 Qd6 20. Bd3 Rb8 21.
Ra1 g6 22. g3 Qb6 23. Rb1 Qd6 24. Rxb8+ Qxb8 25. Qc6 Qb2 26. h3 h6 27. Qc7 Qb6
28. Qc8+ Kg7 29. Kg2 Qb2 30. Qc7 Qb6 {Game drawn by mutual agreement} 1/2-1/2

[Event "Team 45 45 League T56"]
[Site "Internet Chess Club"]
[Date "2013.03.24"]
[Round "5"]
[White "Sir-Sinister"]
[Black "chrisgu"]
[Result "1-0"]
[WhiteElo "2027"]
[BlackElo "1967"]
[Opening "Dunst (Sleipner, Heinrichsen) opening"]
[ECO "A00"]
[Time "13:35:37"]
[TimeControl "2700+45"]

1. Nc3 g6 2. h4 Nf6 3. e4 d6 4. Be2 h5 5. d4 Bg7 6. Nf3 a6 7. a4 b6 8. O-O O-O
9. Ng5 e5 10. dxe5 dxe5 11. Qxd8 Rxd8 12. Bc4 Rf8 13. f4 Ng4 14. Nd5 Nc6 15. f5
gxf5 16. exf5 Nf6 17. Nxc7 Ra7 18. Nd5 Nd4 19. Nxb6 Bxf5 20. c3 Nc2 21. Ra2 Bg6
22. b4 Ng4 23. Nd5 Rd7 24. Bb3 Rxd5 25. Bxd5 Nce3 26. Bxe3 Nxe3 27. Bxf7+ Bxf7
28. Rxf7 Rxf7 29. Nxf7 Kxf7 30. b5 axb5 31. axb5 Nc4 32. Ra7+ Kf6 33. Rc7 Nd6
34. b6 Bh6 35. Kf2 Ne4+ 36. Ke2 Ng3+ 37. Kf3 Bf4 38. b7 Kf5 {Black resigns} 1-0

[Event "Team 45 45 League T56"]
[Site "Internet Chess Club"]
[Date "2013.03.23"]
[Round "5"]
[White "Sqboy13"]
[Black "Bonneville"]
[Result "1/2-1/2"]
[WhiteElo "1910"]
[BlackElo "1918"]
[Opening "QGD: 4.Nf3"]
[ECO "D37"]
[Time "18:32:21"]
[TimeControl "2700+45"]

1. d4 e6 2. c4 Nf6 3. Nf3 d5 4. Nc3 Nc6 5. Bg5 Bb4 6. e3 Bxc3+ 7. bxc3 Bd7 8.
cxd5 exd5 9. Bd3 Bg4 10. Bb5 O-O 11. Bxc6 bxc6 12. Qa4 Bxf3 13. gxf3 Qd6 14. Bf4
Qd7 15. Rb1 Nh5 16. Bg3 f5 17. Be5 f4 18. Ke2 Qf5 19. Rhf1 Rfb8 20. e4 dxe4 21.
Qxc6 exf3+ 22. Kxf3 Qh3+ 23. Ke2 Rf8 24. Qf3 Qf5 25. Rb2 Rae8 26. Rfb1 Nf6 27.
Kf1 Ng4 28. Qd5+ Kh8 29. Re1 f3 30. Rd1 Nxe5 {Game drawn by mutual agreement}
1/2-1/2

[Event "Team 45 45 League T56"]
[Site "Internet Chess Club"]
[Date "2013.03.30"]
[Round "5"]
[White "jrobic7"]
[Black "PawnPusher3"]
[Result "0-1"]
[WhiteElo "1793"]
[BlackElo "1784"]
[Opening "Sicilian: dragon, Yugoslav attack, 10.O-O-O"]
[ECO "B78"]
[Time "12:06:29"]
[TimeControl "2700+45"]

1. e4 c5 2. Nf3 d6 3. d4 cxd4 4. Nxd4 Nf6 5. Nc3 g6 6. Be3 Bg7 7. f3 O-O 8. Qd2
Nc6 9. Bc4 Bd7 10. O-O-O Rb8 11. h4 b5 12. Bb3 Na5 13. h5 Nc4 14. Bxc4 bxc4 15.
hxg6 fxg6 16. Nde2 Qa5 17. Bd4 Rb7 18. Bxf6 Bxf6 19. Qd5+ Qxd5 20. Rxd5 Rfb8 21.
b3 Rc8 22. bxc4 Rxc4 23. Rd3 Rbc7 24. Kd2 Be6 25. Rb1 Kg7 26. Rb5 R4c6 27. Ra5
Bc4 28. Re3 Bxe2 29. Nxe2 Rxc2+ 30. Ke1 Kf7 31. Rea3 Rb7 32. Rb3 Rxa2 33. Rxa2
Rxb3 34. Rxa7 Rb2 35. Rc7 h5 36. Rc4 h4 37. Kf1 Bg5 38. Kf2 Bf4 39. Ra4 g5 40.
Ra5 Ke6 41. Kf1 Be3 42. Rf5 Rb1+ {White resigns} 0-1

[Event "Team 45 45 League T56"]
[Site "Internet Chess Club"]
[Date "2013.03.24"]
[Round "5"]
[White "TerryMalloy"]
[Black "scottk74"]
[Result "1-0"]
[WhiteElo "2043"]
[BlackElo "1644"]
[Opening "Sicilian: Smith-Morra gambit"]
[ECO "B21"]
[Time "12:05:58"]
[TimeControl "2700+45"]

1. e4 c5 2. d4 cxd4 3. c3 dxc3 4. Nxc3 d6 5. Bc4 Nc6 6. Nf3 Nf6 7. e5 Ng4 8. e6
Bxe6 9. Bxe6 fxe6 10. Ng5 Nge5 11. Nxe6 Qa5 12. O-O Kd7 13. Ng5 h6 14. Nge4 Rd8
15. f4 Nf7 16. Be3 Kc8 17. Qg4+ Kb8 18. Qe6 g5 19. Qxf7 gxf4 20. Bxf4 Ne5 21.
Bxe5 Qxe5 22. Rad1 Bg7 23. Rf5 Rdf8 24. Qxf8+ Rxf8 25. Rxe5 Bxe5 26. Rf1 Bxc3
27. Rxf8+ Kc7 28. Nxc3 e5 29. Rh8 Kc6 30. Rxh6 Kc5 31. h4 Kd4 32. Rf6 e4 33. h5
e3 34. h6 e2 35. Nxe2+ Kd3 36. h7 d5 37. h8=Q d4 38. Qh3+ Kd2 39. Nxd4 b6 40.
Rf2+ Kd1 41. Qd3+ Kc1 42. Qf1# {Black checkmated} 1-0

[Event "Team 45 45 League T56"]
[Site "Internet Chess Club"]
[Date "2013.03.22"]
[Round "5"]
[White "Buford-Julep"]
[Black "Gorongonde"]
[Result "0-1"]
[WhiteElo "1712"]
[BlackElo "1698"]
[Opening "English opening"]
[ECO "A30"]
[Time "12:55:15"]
[TimeControl "2700+45"]

1. c4 Nf6 2. Nf3 c5 3. g3 Nc6 4. Nc3 d6 5. d4 cxd4 6. Nxd4 Bd7 7. Bg2 g6 8. O-O
Bg7 9. Nxc6 Bxc6 10. e4 Nd7 11. Be3 Bxc3 12. bxc3 Qa5 13. Qd4 O-O-O 14. Qxa7
Qxa7 15. Bxa7 b6 16. Rfb1 Kb7 17. Bxb6 Nxb6 18. a4 Ka6 19. a5 Nd7 20. c5 dxc5
21. Bf1+ Ka7 22. f3 Rb8 23. Rd1 Rhd8 24. Kf2 Ne5 25. f4 Ng4+ 26. Ke1 Bxe4 27.
Bc4 e6 28. Ke2 Nxh2 29. Rxd8 Rxd8 30. Rh1 Bxh1 {White resigns} 0-1

[Event "Team 45 45 League T56"]
[Site "Internet Chess Club"]
[Date "2013.03.23"]
[Round "5"]
[White "MinnArkie"]
[Black "bondguy01"]
[Result "1/2-1/2"]
[WhiteElo "1582"]
[BlackElo "1652"]
[Opening "King's Indian: fianchetto, Panno variation"]
[ECO "E63"]
[Time "13:00:12"]
[TimeControl "2700+45"]

1. c4 Nf6 2. g3 g6 3. Bg2 Bg7 4. Nc3 O-O 5. Nf3 d6 6. d4 Nc6 7. O-O a6 8. Rb1 e5
9. dxe5 dxe5 10. e4 Be6 11. b3 Qxd1 12. Rxd1 h6 13. Bb2 Rfd8 14. Nd5 Rac8 15.
Nxe5 Nxe5 16. Ne7+ Kh7 17. Bxe5 Rxd1+ 18. Rxd1 Re8 19. Nd5 Nxd5 20. Bxg7 Kxg7
21. exd5 Bf5 22. Kf1 b6 23. d6 Rd8 24. d7 Rxd7 25. Rxd7 Bxd7 26. Bb7 a5 27. Ke2
Kf6 28. Ke3 Ke5 29. Be4 f5 30. f4+ Kd6 31. Bd5 Be6 32. Bxe6 {Game drawn by
mutual agreement} 1/2-1/2

[Event "Team 45 45 League T56"]
[Site "Internet Chess Club"]
[Date "2013.03.25"]
[Round "5"]
[White "carokantor"]
[Black "Goli"]
[Result "0-1"]
[WhiteElo "2031"]
[BlackElo "1884"]
[Opening "Queen's pawn game"]
[ECO "A45"]
[Time "17:30:24"]
[TimeControl "2700+45"]

1. d4 Nf6 2. e3 g6 3. Bd3 Bg7 4. f4 d6 5. e4 O-O 6. e5 dxe5 7. fxe5 Nd5 8. Nf3
c5 9. c3 cxd4 10. cxd4 Nc6 11. Nc3 Bg4 12. Be4 Nxc3 13. bxc3 Qa5 14. Bd2 Rac8
15. O-O Qc7 16. h3 Bd7 17. Rb1 b6 18. Qe2 Na5 19. Bd3 Nc4 20. Bf4 e6 21. Ng5 Na5
22. Ne4 Nb7 23. Qe3 Bc6 24. Nf6+ Bxf6 25. exf6 Qd7 26. Be5 Kh8 27. Bxg6 Rg8 28.
Be4 Bxe4 29. Qxe4 Rxc3 30. Rbc1 Rxc1 31. Rxc1 Nd6 32. Qf4 Nf5 33. Qe4 Nd6 34.
Qc6 Qxc6 35. Rxc6 Nc8 36. Rc7 Rf8 37. Kf2 h6 38. Ke3 Kh7 39. Kd3 Kg6 40. Kc4 a6
41. a4 Rd8 42. g4 Nd6+ 43. Kd3 b5 44. Rc6 Nc4 45. Ke4 Nb2 46. axb5 axb5 47. d5
exd5+ 48. Kd4 Nc4 49. Rc5 Nxe5 50. Kxe5 d4 51. Rxb5 d3 52. Rb1 d2 53. Rd1 Kg5
54. Ke4 Kxf6 55. h4 Ke6 56. Kf4 Rd4+ 57. Kf3 Ke5 58. g5 h5 59. Ke3 Rxh4 60. Kf3
Rd4 61. Ke2 Kf5 62. Rf1+ Kxg5 63. Kd1 f5 64. Rg1+ Kf6 65. Rg8 h4 66. Rh8 Kg5 67.
Rg8+ Kf4 68. Rh8 Ke3 69. Rh6 Kf3 70. Rh8 Kg3 71. Rg8+ Kh3 72. Rg7 f4 73. Rf7 Kg2
74. Rg7+ Kf2 75. Rh7 f3 76. Rh8 Kg3 77. Rg8+ Rg4 78. Rd8 f2 79. Ke2 Re4+ {White
resigns} 0-1

[Event "Team 45 45 League T56"]
[Site "Internet Chess Club"]
[Date "2013.03.26"]
[Round "5"]
[White "tsia68"]
[Black "Tobiasdelmonte"]
[Result "1/2-1/2"]
[WhiteElo "1741"]
[BlackElo "1918"]
[Opening "Réti: King's Indian attack"]
[ECO "A05"]
[Time "17:02:02"]
[TimeControl "2700+45"]

1. Nf3 Nf6 2. g3 g6 3. Bg2 Bg7 4. O-O O-O 5. c4 d6 6. Nc3 Be6 7. d3 c6 8. Rb1 h6
9. Nd4 Bd7 10. b4 Ne8 11. e3 Qc8 12. Qc2 e5 13. Nde2 Bh3 14. b5 Bxg2 15. Kxg2
Nd7 16. Ba3 Qc7 17. d4 a6 18. bxc6 bxc6 19. Rfd1 f5 20. Rb3 Rf7 21. Rdb1 Ra7 22.
Qd2 Kh7 23. Rd1 Ndf6 24. dxe5 dxe5 25. Na4 Rd7 26. Rd3 Rxd3 27. Qxd3 Qa5 28. Qc2
Ne4 29. f3 N4f6 30. Qb3 Rd7 31. Rxd7 Nxd7 32. Bb4 Qc7 33. Qd3 c5 34. Ba3 Qc6 35.
Nec3 Nd6 36. Qd5 Qxd5 37. Nxd5 Nxc4 38. Bxc5 Nxc5 39. Nxc5 a5 40. Ne6 Bh8 41.
Kf2 Kg8 42. Ke2 Kf7 43. Nc5 Bg7 44. Kd3 Nd6 45. Kc2 Bf8 46. Nd7 Bg7 47. Nc5 Nb5
48. a4 Na7 49. Kb3 Bf8 50. Kc4 g5 51. Nb3 Nc6 52. Kb5 Nd8 53. Nxa5 Ke6 54. e4
Nf7 55. Nc4 g4 56. fxg4 fxe4 57. Nc7+ Kd7 58. Kb6 Bb4 59. Nd5 Be1 60. a5 Bf2+
61. Nce3 Nd6 62. a6 Nc4+ 63. Kb7 Na5+ 64. Kb6 Nc4+ 65. Kb7 Na5+ 66. Kb8 Nc6+ 67.
Kb7 Na5+ {Game drawn by repetition} 1/2-1/2

[Event "Team 45 45 League T56"]
[Site "Internet Chess Club"]
[Date "2013.03.24"]
[Round "5"]
[White "Warpdrive"]
[Black "Ayensa80"]
[Result "1/2-1/2"]
[WhiteElo "1710"]
[BlackElo "1747"]
[Opening "French: exchange variation"]
[ECO "C01"]
[Time "17:00:31"]
[TimeControl "2700+45"]

1. e4 e6 2. d4 d5 3. exd5 exd5 4. Nf3 Nf6 5. h3 Bd6 6. Bd3 O-O 7. O-O h6 8. Re1
c5 9. dxc5 Bxc5 10. Be3 Bxe3 11. Rxe3 Qb6 12. b3 Nc6 13. c4 dxc4 14. Bxc4 Bf5
15. a3 Rad8 16. Qe1 Nd4 17. Nxd4 Qxd4 18. Nc3 Rfe8 19. Rd1 Rxe3 20. fxe3 Qb6 21.
Rxd8+ Qxd8 22. Qf2 Bg6 23. a4 a6 24. Qe2 {Game drawn by mutual agreement}
1/2-1/2

[Event "Team 45 45 League T56"]
[Site "Internet Chess Club"]
[Date "2013.03.23"]
[Round "5"]
[White "Duguesclin"]
[Black "M-Tuzel"]
[Result "0-1"]
[WhiteElo "1594"]
[BlackElo "1605"]
[Opening "Benkö gambit: Zaitsev system"]
[ECO "A57"]
[Time "14:00:39"]
[TimeControl "2700+45"]

1. d4 Nf6 2. c4 c5 3. d5 b5 4. cxb5 a6 5. Nc3 d6 6. e4 g6 7. Bd3 Bg7 8. Nge2 O-O
9. O-O Nbd7 10. Bf4 Nb6 11. h3 c4 12. Bc2 Nfd7 13. Nd4 Nc5 14. Nc6 Qc7 15. a4 a5
16. Qd2 f5 17. Bh6 e5 18. dxe6 Bxe6 19. Nd5 Bxd5 20. Bxg7 Qxg7 21. exd5 Qxb2 22.
Rab1 Qf6 23. Rfe1 c3 24. Qd1 Ne4 25. f3 Nd2 26. Rc1 Rfe8 27. Rxe8+ Rxe8 28. Nxa5
Kg7 29. Bb3 Qd4+ 30. Kh1 Qb4 31. Nc6 Qxb3 32. Qxb3 Nxb3 33. Rxc3 Nc5 34. a5 Nxd5
35. Ra3 Ra8 36. a6 Nc7 37. Nd4 Kf7 38. a7 Nd5 39. g4 fxg4 40. hxg4 Ke7 41. Ra2
Kd7 42. Rh2 Kc7 43. Rxh7+ Kb6 44. Rg7 Nf4 45. Kh2 Rxa7 46. Rg8 Rh7+ 47. Kg3 Ncd3
48. g5 Rh3+ 49. Kg4 Rh1 50. Rb8+ Kc5 51. Nb3+ Kb4 52. Nd4 Rg1+ 53. Kh4 Kc3 54.
Nc6 Ne1 55. Ne5 dxe5 56. Rc8+ Kb4 57. Rc4+ Kxc4 58. b6 Nxf3# {White checkmated}
0-1

[Event "Team 45 45 League T56"]
[Site "Internet Chess Club"]
[Date "2013.03.21"]
[Round "5"]
[White "Grimsey"]
[Black "Invicta-Knight"]
[Result "1/2-1/2"]
[WhiteElo "1608"]
[BlackElo "1474"]
[Opening "Benkö gambit"]
[ECO "A57"]
[Time "16:00:46"]
[TimeControl "2700+45"]

1. d4 Nf6 2. c4 c5 3. d5 b5 4. Qc2 bxc4 5. e4 d6 6. Bxc4 g6 7. Nf3 Bg7 8. O-O
O-O 9. h3 Nbd7 10. Nc3 Ne8 11. Bf4 Qb6 12. Rfe1 Ba6 13. Bxa6 Qxa6 14. Bg5 f6 15.
Bf4 Nc7 16. Qd2 Rfe8 17. Bh6 Ne5 18. Nxe5 fxe5 19. Bg5 Bf6 20. h4 Rab8 21. h5
Kf7 22. hxg6+ hxg6 23. b3 Rh8 24. Rf1 Bxg5 25. Qxg5 Rh5 26. Qg3 Rbh8 27. f4 Kg7
28. f5 g5 29. Rac1 Kf6 30. Rfd1 Rh2 31. Qxh2 Rxh2 32. Kxh2 {Game drawn by mutual
agreement} 1/2-1/2

[Event "Team 45 45 League T56"]
[Site "Internet Chess Club"]
[Date "2013.03.25"]
[Round "5"]
[White "dscvdchk"]
[Black "JohLeb"]
[Result "1-0"]
[WhiteElo "1509"]
[BlackElo "1337"]
[Opening "QGD: Marshall defense"]
[ECO "D06"]
[Time "13:01:58"]
[TimeControl "2700+45"]

1. d4 d5 2. c4 Nf6 3. Nf3 Bg4 4. Nbd2 e6 5. Qb3 b6 6. e3 c5 7. cxd5 Nxd5 8. Bb5+
Nd7 9. Ne5 Nf6 10. Qa4 Bf5 11. O-O Qc8 12. Bc6 a6 13. Qb3 Rb8 14. e4 Bg6 15.
Ndf3 h6 16. Bf4 Bd6 17. Nxg6 Qxc6 18. Bxd6 Qxd6 19. e5 Qd5 20. exf6 Nxf6 21.
Nxh8 Qxb3 22. axb3 Ke7 23. Nxf7 Kxf7 24. Rxa6 Nd5 25. Ne5+ Kg8 26. Rfa1 Kh7 27.
Ra8 Rxa8 28. Rxa8 cxd4 29. g3 Nb4 30. Kf1 d3 31. Rd8 {Black resigns} 1-0

[Event "Team 45 45 League T56"]
[Site "Internet Chess Club"]
[Date "2013.03.25"]
[Round "5"]
[White "sere"]
[Black "rgadoury"]
[Result "0-1"]
[WhiteElo "1218"]
[BlackElo "1212"]
[Opening "French: Winawer, advance variation"]
[ECO "C16"]
[Time "14:00:43"]
[TimeControl "2700+45"]

1. e4 e6 2. d4 d5 3. Nc3 Bb4 4. e5 Bd7 5. Bd2 Nc6 6. Nf3 Nge7 7. Bd3 O-O 8. O-O
Ba5 9. Re1 Bb6 10. Qe2 Bxd4 11. Nxd4 Nxd4 12. Qg4 Ndf5 13. Ne2 c5 14. c3 Ng6 15.
Nf4 Nxf4 16. Qxf4 h6 17. Qg4 g5 18. Qh5 Kg7 19. f4 Rh8 20. Qg4 Kg6 21. fxg5 h5
22. Qh3 c4 23. Bc2 d4 24. cxd4 Qb6 25. Bc3 h4 26. Rf1 Rh5 27. Bd2 Qxd4+ 28. Rf2
Qxb2 29. Rc1 Rc8 30. Be4 b5 31. Rcf1 Qxe5 32. Bf4 Qxe4 33. Bd2 a5 34. Rf4 Qc2
35. Be1 Rch8 36. Bc3 R8h7 37. Bf6 Qxa2 38. Qe3 Nxe3 39. Re1 Qxg2# {White
checkmated} 0-1

[Event "Team 45 45 League T56"]
[Site "Internet Chess Club"]
[Date "2013.03.31"]
[Round "5"]
[White "pereelcoix"]
[Black "LiangLiang"]
[Result "0-1"]
[WhiteElo "1559"]
[BlackElo "1715"]
[Opening "Scotch: Mieses variation"]
[ECO "C45"]
[Time "12:00:13"]
[TimeControl "2700+45"]

1. e4 e5 2. Nf3 Nc6 3. d4 exd4 4. Nxd4 Nf6 5. Nxc6 bxc6 6. e5 Qe7 7. Qe2 Nd5 8.
c4 Nb6 9. Nc3 Ba6 10. Qe4 g6 11. Bd3 Bg7 12. f4 O-O-O 13. c5 Bxd3 14. Qxd3 Qxc5
15. Be3 Qa5 16. O-O c5 17. Nd5 Rhe8 18. Nxb6+ axb6 19. Qd5 Re6 20. Rfd1 Kb8 21.
b3 Qa8 22. Qxa8+ Kxa8 23. Rd5 d6 24. Rad1 Kb7 25. Bf2 Kc6 26. R5d3 Rde8 27. exd6
Rxd6 28. Kf1 Re4 29. g3 f5 30. h3 Bd4 31. Bxd4 Rdxd4 32. Kf2 Rxd3 33. Rxd3 Rd4
34. Ke3 Rxd3+ 35. Kxd3 Kd5 36. a4 c6 37. Ke3 c4 38. b4 c3 39. Kd3 c2 40. Kxc2
Kc4 41. a5 bxa5 42. bxa5 Kb5 43. Kd3 Kxa5 44. Kc4 Kb6 45. Kb4 c5+ 46. Kc4 Kc6
47. Kc3 Kd5 48. Kd3 c4+ {White resigns} 0-1

[Event "Team 45 45 League T56"]
[Site "Internet Chess Club"]
[Date "2013.03.25"]
[Round "5"]
[White "otib2006"]
[Black "ilovechess"]
[Result "1-0"]
[WhiteElo "1276"]
[BlackElo "1462"]
[Opening "Queen's pawn game"]
[ECO "A45"]
[Time "18:00:35"]
[TimeControl "2700+45"]

1. d4 Nf6 2. Nd2 d5 3. Ngf3 Nc6 4. e3 g6 5. Bb5 Bd7 6. O-O a6 7. Bd3 e6 8. Qe2
Bg7 9. c3 O-O 10. a4 Re8 11. b4 Ne7 12. Ba3 Nf5 13. Ne5 Nd6 14. Nxd7 Qxd7 15. b5
axb5 16. Bxd6 Qxd6 17. Bxb5 c6 18. Bd3 c5 19. Bb5 Rec8 20. e4 cxd4 21. e5 Qe7
22. exf6 Qxf6 23. cxd4 Qxd4 24. Ra2 Be5 25. Nf3 Qf4 26. Nxe5 Qb4 27. Nd7 Rd8 28.
Qb2 Qd6 29. Qe5 Rxd7 30. Qxd6 Rxd6 31. Rc2 Kg7 32. Rc7 Rb8 33. h3 b6 34. Rfc1
Rbd8 35. Re7 d4 36. Rcc7 d3 37. Rxf7+ Kh6 38. Rxh7+ Kg5 39. h4+ Kf6 40. Rhf7+
Ke5 41. f4+ Ke4 42. Rc4+ Kd5 43. Rc3 d2 44. Be2 Kd4 45. Rfc7 Ke4 46. R7c4+ Kf5
47. g4+ Kf6 48. Bd1 e5 49. Kf2 Re6 50. fxe5+ Rxe5 51. Rc6+ Kf7 52. Rf3+ Ke8 53.
Re3 Rd5 54. Re6+ Rxe6 55. Rxe6+ Kf7 56. Rxb6 Rc5 57. Rb5 Rc1 58. Ke2 Ra1 59. a5
Ra2 60. Rd5 Ke6 61. Rb5 Kf6 62. g5+ Kg7 63. Rb7+ Kf8 64. Rb5 Kf7 65. Bb3+ {Black
resigns} 1-0